 Dungeon Crawl Stone Soup version 0.24.0-1-gfbc8707122 (webtiles) character file.

Game seed: 8418016160498215909, levelgen mode: deterministic

257 Arixos the Skirmisher (level 6, -4/48 HPs)
             Began as a Barachi Abyssal Knight on Oct 28, 2019.
             Was a Believer of Lugonu.
             Killed from afar by an orc wizard (7 damage)
             ... with a magic dart
             ... on level 4 of the Dungeon.
             The game lasted 00:15:23 (3843 turns).

Arixos the Skirmisher (Barachi Abyssal Knight)      Turns: 3843, Time: 00:15:24

Health: -4/48      AC: 11    Str: 15    XL:     6   Next: 16%
Magic:  7/7        EV:  7    Int: 13    God:    Lugonu [**....]
Gold:   199        SH:  4    Dex: 11    Spells: 5/5 levels left

rFire    . . .     SeeInvis .   a - +1 falchion
rCold    . . .     Gourm    .   e - +0 buckler
rNeg     . . .     Faith    .   y - +0 chain mail
rPois    .         Spirit   .   (no helmet)
rElec    .         Reflect  .   x - +0 cloak (curse)
rCorr    .         Harm     .   d - +0 pair of gloves
MR       .....                  (no boots)
Stlth    ..........             (no amulet)
HPRegen  0.16/turn              (no ring)
MPRegen  0.10/turn              (no ring)

@: can't hop, slow
A: +LOS, swims, slowness 1, strong legs 1
a: Hop, Depart the Abyss, Bend Space, Renounce Religion


You were on level 4 of the Dungeon.
You worshipped Lugonu.
Lugonu was pleased with you.
You were not hungry.

You visited 1 branch of the dungeon, and saw 4 of its levels.
You visited the Abyss 1 time.

You collected 199 gold pieces.

Inventory:

Hand Weapons
 a - a +1 falchion (weapon)
Armour
 d - a +0 pair of gloves (worn)
 e - a +0 buckler (worn)
 n - a +0 shield
 x - a cursed +0 cloak (worn)
 y - a +0 chain mail (worn)
Scrolls
 f - 2 scrolls of remove curse {unknown}
 i - 2 scrolls of noise {unknown}
 j - 2 scrolls of fear {unknown}
 k - a scroll of fog {unknown}
 l - 2 scrolls of teleportation {unknown}
 r - a scroll of magic mapping {unknown}
 s - 4 scrolls of identify
 t - a scroll of enchant weapon {unknown}
Potions
 b - a potion of degeneration {unknown}
 g - 2 potions of curing {unknown}
 h - a potion of heal wounds {unknown}
 m - 2 potions of ambrosia {unknown}
 o - a potion of haste {unknown}
 q - a potion of magic {unknown}
 u - a potion of lignification {unknown}
 v - a potion of might {unknown}
 w - a potion of brilliance {unknown}
Comestibles
 c - 7 rations
 p - a chunk of flesh


   Skills:
 + Level 4.3 Fighting
 * Level 4.2 Long Blades
 + Level 3.5 Armour
 + Level 2.5 Dodging
 * Level 2.9 Shields
 + Level 2.4 Invocations


You had 5 spell levels left.
You didn't know any spells.
Your spell library contained the following spells:

 Spells                   Type           Power        Failure   Level  Hunger
 Magic Dart               Conj           #...         100%        1    ##.....
 Searing Ray              Conj           #.....       100%        2    ###....
 Dazzling Spray           Conj/Hex       #.....       100%        3    ####...
 Force Lance              Conj/Tloc      #.......     100%        4    #####..
 Fulminant Prism          Conj/Hex       #.........   100%        4    #####..
 Iskenderun's Mystic Bla  Conj           #.......     100%        4    #####..


Dungeon Overview and Level Annotations

Branches:
Dungeon (4/15)
 Temple: D:4-7

Altars:
Trog


Innate Abilities, Weirdness & Mutations

Shadows flee at your approach. (+LOS)
You can swim through water.
You cover ground slowly.
You can hop short distances.


Message History

Boing!
The orc wizard points at you and mumbles some strange words.
The magic dart hits you.
* * * LOW HITPOINT WARNING * * *
Things that are here:
a +2 dagger of speed; a +0 robe; an orc skeleton The orc wizard hits you with a +0 dagger of flaming.
* * * LOW HITPOINT WARNING * * *
The orc wizard burns you.
* * * LOW HITPOINT WARNING * * *
The orc wizard completely misses you.
The orc wizard hits you but does no damage.
The orc wizard casts a spell at you. The magic dart hits you!
* * * LOW HITPOINT WARNING * * *
The orc wizard gestures at you while chanting.
The magic dart hits you but does no damage.
The orc wizard gestures at you while chanting.
The magic dart hits you!
You die...

#.# ##### #.# #.#
#.# #.########.#
#.......##.#
#######.##.#
#######.##o#
#..<>...##@#######
#.#####...<....(...
#.# #...........#
#.# #.##..###...#
#.####.### #.##....
### #........#
#..##.###
#######..# ##. .<
#..####.# ...
#......## ####


You could see an orc wizard.

Vanquished Creatures
  3 orc wizards
  4 gnolls (D:3)
  3 adders
  An adder zombie (D:1)
  An ooze (D:3)
  2 worms (D:3)
  A dart slug (D:2)
  2 leopard geckos
  5 orcs (D:3)
  11 bats
  4 giant cockroaches
  15 goblins
  9 hobgoblins
  3 quokkas
  2 ball pythons
  6 frilled lizards
  A jackal skeleton (D:4)
  7 kobolds
  A quokka zombie (D:1)
  7 rats
88 creatures vanquished.

Notes
Turn   | Place    | Note
-------+----------+-------------------------------------------
     0 | Abyss:1  | Arixos the Barachi Abyssal Knight began the quest for the
                  | Orb.
     0 | Abyss:1  | Reached XP level 1. HP: 18/18 MP: 2/2
    27 | Abyss:1  | Noticed a wretched star
    36 | Abyss:1  | Noticed a cyan very ugly thing
    37 | D:1      | Escaped the Abyss
   474 | D:1      | Reached XP level 2. HP: 24/25 MP: 3/3
   742 | D:1      | Reached * piety under Lugonu
   951 | D:1      | Reached XP level 3. HP: 28/30 MP: 4/4
   986 | D:1      | Reached skill level 1 in Shields
  1719 | D:2      | Reached XP level 4. HP: 37/37 MP: 5/5
  2012 | D:2      | Reached ** piety under Lugonu
  2527 | D:3      | Reached XP level 5. HP: 36/42 MP: 6/6
  2932 | D:3      | Found a bloodstained altar of Trog.
  3792 | D:4      | Reached XP level 6. HP: 47/48 MP: 7/7
  3843 | D:4      | Killed from afar by an orc wizard

Levels and vault maps discovered:
D:1:      saegor_arrival_fortress, layout_basic, st_stairs_7,
          chequers_serial_rivers_large_a
D:2:      layout_basic, uniq_crazy_yiuf_cottage
D:3:      layout_rooms, trog_three_pillars_becter
D:4:      layout_loops_ring, minitemple, minmay_temple_entry_gardened_gates,
          first_ration, serial_shops, nicolae_shop_behind_doors,
          doesnt_xom_only_xom

Skill      XL: |  1  2  3  4  5 |
---------------+----------------+-----
Long Blades    | 3 4 |  4.2
Shields        | 1 2 |  2.9
Armour         | 3 |  3.5
Invocations    | 2 |  2.4
Dodging        | 2 |  2.5
Fighting       | 4 |  4.3

Action                   |  1- 3 |  4- 6 || total
-------------------------+-------+-------++-------
Melee: Falchion          |   112 |   217 ||   329
Invok: Depart the Abyss  |     1 |       ||     1
       Bend Space        |       |     1 ||     1
 Abil: Hop               |     1 |     1 ||     2
  Use: Scroll            |       |     1 ||     1
  Eat: Chunk             |     3 |     8 ||    11
Armor: Leather armour    |    32 |    42 ||    74
       Chain mail        |       |    29 ||    29
Dodge: Dodged            |    53 |    97 ||   150
Block: Buckler           |    20 |    37 ||    57
       Rpst.: Falchion   |    17 |    30 ||    47
